 Dungeon Crawl Stone Soup version 0.26-a0-227-g1af32d979d (webtiles) character file.

Game seed: 13793630896961874650

65 Ijustatesigmund the Chopper (level 4, -1/46 HPs)
             Began as an Octopode Gladiator on July 7, 2020.
             Slain by a kobold
             ... wielding a +2 war axe of electrocution
              (4 damage)
             ... on level 3 of the Dungeon.
             The game lasted 00:02:23 (1417 turns).

Ijustatesigmund the Chopper (Octopode Gladiator)    Turns: 1417, Time: 00:02:24

Health: -1/46      AC:  3    Str: 13    XL:     4   Next: 13%
Magic:  4/4        EV: 14    Int: 10    God:
Gold:   38         SH:  0    Dex: 14    Spells: 3/3 levels left

rFire    . . .     SeeInvis .   a - +0 war axe
rCold    . . .     Faith    .   (no shield)
rNeg     . . .     Spirit   .   b - +2 hat
rPois    .         Reflect  .   (no amulet)
rElec    .         Harm     .   (no ring)
rCorr    .                      (no ring)
MR       .....                  (no ring)
Stlth    ..........             (no ring)
HPRegen  0.15/turn              (no ring)
MPRegen  0.09/turn              (no ring)
                                (no ring)
                                (no ring)

@: berserking, very quick
A: almost no armour, stealthy swim, amphibious, 8 rings, constrict 8, camouflage
1, gelatinous body 1
a: no special abilities


You were on level 3 of the Dungeon.
You were not hungry.

You visited 1 branch of the dungeon, and saw 3 of its levels.

You collected 38 gold pieces.

Inventory:

Hand Weapons
 a - a +0 war axe (weapon)
Missiles
 c - a throwing net (quivered)
 j - 15 poisoned darts
Armour
 b - a +2 hat (worn)
Scrolls
 e - a scroll of remove curse
Potions
 f - a potion of resistance {unknown}
 g - a potion of curing {unknown}
 i - a potion of degeneration {unknown}
Comestibles
 d - 5 rations


   Skills:
 + Level 3.3 Fighting
 + Level 4.0 Axes
 - Level 2.0 Throwing
 - Level 3.0 Dodging


You had 3 spell levels left.
You didn't know any spells.
Your spell library was empty.

Dungeon Overview and Level Annotations

Branches:
Dungeon (3/15)

Altars:

Annotations:
D:2 Sigmund


Innate Abilities, Weirdness & Mutations

You cannot wear most types of armour.
You are very stealthy in the water. (Stealth+)
You are amphibious.
You can wear up to eight rings at the same time.
You can use your tentacles to constrict eight enemies at once.
Your skin changes colour to match your surroundings (Stealth+).
Your rubbery body absorbs attacks. (AC +1, EV +1)


Message History

Aim: a kobold, wielding a +2 war axe of electrocution (fast)
You throw a throwing net. The throwing net hits the kobold.
The kobold is caught in the net!
The kobold struggles against the net.
The kobold struggles against the net. x2
The kobold struggles against the net.
The net rips apart, and the kobold comes free!
Throwing (i - inventory. (/) - cycle)
c - 2 throwing nets (quivered)
Press: ? - help, Shift-Dir - straight line, f/p - kobold
Aim: a kobold, wielding a +2 war axe of electrocution (fast)
You throw a throwing net.
The throwing net completely misses the kobold.
The throwing net completely misses the orc.
The kobold closely misses you.
The kobold hits you with a +2 war axe of electrocution.
* * * LOW HITPOINT WARNING * * *
It was a potion of berserk rage.
A red film seems to cover your vision as you go berserk!
You feel yourself moving faster!
You feel mighty!
The kobold hits you with a +2 war axe of electrocution.
You die...

***,****#.......(#
*,,**
,*,,****#......#†#
*,,*
*,,,*,,,#.P8##.#.#
****,,**
*,,**,8,#.P.#..#.#
*,,,,,,,
*,**,,,,#..##.##.##
*,,,,,,,
*,**⌠_,....#....o.#
*,,,,,,,
*,**,,..#.,##.##..#
*,,,,,,,
*,***,.o#.,*#.##K.##
*,,,,,,,
*,*,*,,,*8**#...@..#
*,,,,,,, *,*,*****,*
#......### *,,,,,,,
*,*,,****#**#........#
*****,**
,,,,,,,,,..*#......#.#
*,,,,,,
,,***,#,*#.*#.)....#.#
*,**,** ,**
*,*.*#.##.##.###.#
*,**,* ,*
*,..##.#..##.###<#
*,**,* ,*
*,,........<.....#
*,**,# ,*
*#,*#.#...##.##..#
**,**.#


You could see an orc and a kobold (fast).

Vanquished Creatures
  A gnoll (D:1)
  An ooze (D:1)
  A worm (D:2)
  2 leopard geckos
  An orc (D:3)
  9 bats
  2 giant cockroaches (D:1)
  3 hobgoblins (D:1)
  4 jackals (D:1)
  2 frilled lizards
  6 goblins
  5 kobolds
  6 rats
43 creatures vanquished.

Notes
Turn   | Place    | Note
-------+----------+-------------------------------------------
     0 | D:1      | Ijustatesigmund the Octopode Gladiator began the quest for
                  | the Orb.
     0 | D:1      | Reached XP level 1. HP: 14/14 MP: 1/1
    28 | D:1      | Reached XP level 2. HP: 20/20 MP: 2/2
   397 | D:1      | Reached XP level 3. HP: 21/25 MP: 3/3
  1244 | D:2      | Noticed Sigmund
  1268 | D:2      | Reached skill level 4 in Axes
  1268 | D:2      | Reached XP level 4. HP: 31/31 MP: 4/4
  1417 | D:3      | Slain by a kobold

Illustrated notes

Levels and vault maps discovered:
D:1:      sevenhm_arrival_forest_fort_small_3, layout_loops_cross,
          minmay_heptomino_l4
D:2:      layout_rooms, ashenzari_altar_1, uniq_jessica, uniq_sigmund,
          uniq_terence
D:3:      layout_loops_ring, first_ration, chequers_ecumenical_altar_lobes,
          trog_three_pillars_becter

Skill      XL: |  1  2  3 |
---------------+----------+-----
Fighting       | 3 |  3.3
Axes           | 4 |  4.0
Throwing       | |  2.0
Dodging        | |  3.0

Action                   |  1- 3 |  4- 6 || total
-------------------------+-------+-------++-------
Melee: War axe           |    55 |     9 ||    64
       Tentacles         |    16 |     1 ||    17
       Constrict         |    17 |     4 ||    21
Throw: Throwing net      |       |     2 ||     2
  Use: Scroll            |     1 |     2 ||     3
       Potion            |       |     1 ||     1
 Stab: Sleeping          |     5 |     2 ||     7
  Eat: Ration            |     1 |       ||     1
Armor: Skin              |     6 |     2 ||     8
Dodge: Dodged            |    51 |     9 ||    60

Table legend:
 A = Non-vault XP
 B = Vault XP
 C = Vault XP percentage of total XP
 D = Non-vault monster count
 E = Vault monster count
 F = Vault count percentage of total count
                 A         B        C        D         E       F
            +---------+---------+-------+---------+---------+-------
      Total |      88 |       5 |   5.4 |      40 |       3 |   7.0
            +---------+---------+-------+---------+---------+-------
        D:1 |      69 |       5 |   6.8 |      31 |       3 |   8.8
        D:2 |      14 |       0 |   0.0 |       6 |       0 |   0.0
        D:3 |       5 |       0 |   0.0 |       3 |       0 |   0.0
            +---------+---------+-------+---------+---------+-------
